 Dungeon Crawl Stone Soup version 0.25.0-8-gfd19cd77bd (webtiles) character file.

Game seed: 8534756349164933110

35114 Esekla the Carver (level 13, 0/83 HPs)
             Began as an Octopode Warper on June 16, 2020.
             Was an Initiate of Gozag.
             Slain by a wolf spider (14 damage)
             ... on level 2 of the Lair of Beasts.
             The game lasted 03:32:24 (27970 turns).

Esekla the Carver (Octopode Warper)                Turns: 27970, Time: 03:32:25

Health: 0/83       AC: 10    Str: 11    XL:     13   Next: 81%
Magic:  17/27      EV: 18    Int: 27    God:    Gozag
Gold:   455        SH:  5    Dex: 14    Spells: 1/32 levels left

rFire    + . .     SeeInvis .   a - +0 falchion
rCold    + . .     Gourm    .   O - +0 buckler
rNeg     . . .     Faith    .   r - +1 hat
rPois    .         Spirit   .   g - amulet of magic regeneration
rElec    .         Reflect  .   e - ring of resist corrosion
rCorr    +         Harm     .   o - +6 ring of intelligence
MR       .....                  L - +4 ring of protection
Stlth    ++++++....             X - ring of protection from fire
HPRegen  0.23/turn              U - ring of stealth
MPRegen  0.45/turn              Z - +4 ring of protection
                                (no ring)
                                (no ring)

@: shrouded
A: almost no armour, stealthy swim, amphibious, 8 rings, constrict 8, camouflage
1, agile 1, clever 1, cold resistance 1, sense surroundings 1, gelatinous body 1
a: Potion Petition, Call Merchant, Bribe Branch, Renounce Religion


You were on level 2 of the Lair of Beasts.
You worshipped Gozag.
Gozag was aware of your devotion.
You were not hungry.

You visited 5 branches of the dungeon, and saw 20 of its levels.
You visited the Abyss 1 time.

You collected 3825 gold pieces.
You spent 1942 gold pieces at shops.
You paid 1428 gold pieces to Gozag.

Inventory:

Hand Weapons
 a - a +0 falchion (weapon)
 p - a +1 rapier of protection
 s - a +5 dagger
 w - a cursed +3 great sword
 P - a +2 trident of venom
Missiles
 E - 31 poisoned darts (quivered)
 H - 23 boomerangs
 I - 7 curare-tipped darts
Armour
 r - a +1 hat (worn)
 O - a +0 buckler (worn)
Jewellery
 e - a ring of resist corrosion (left tentacle)
 g - an amulet of magic regeneration (around mantle)
 o - a +6 ring of intelligence (right tentacle)
 q - an uncursed amulet of guardian spirit
 t - an uncursed ring of ice
 L - a +4 ring of protection (on tentacle)
 M - the amulet of the Singing Pariah {Reflect Int+2 Dex+7 SH+5}
   (You found it on level 10 of the Dungeon)

   [amulet of reflection]

   It shields you and reflects attacks.
   It affects your intelligence (+2).
   It affects your dexterity (+7).
   It affects your SH (+5).
 U - a ring of stealth (on tentacle)
 X - a ring of protection from fire (on tentacle)
 Z - a +4 ring of protection (on tentacle)
Wands
 x - a wand of flame (20)
 J - a wand of iceblast (10)
 N - a wand of paralysis (12)
 Q - a wand of random effects (20)
 W - a wand of digging (7)
Scrolls
 b - 6 scrolls of remove curse
 c - 3 scrolls of blinking
 d - a scroll of brand weapon
 h - 2 scrolls of enchant armour
 k - 4 scrolls of teleportation
 l - 2 scrolls of fear
 m - 4 scrolls of identify
 n - 4 scrolls of amnesia
 v - a scroll of acquirement
 y - 3 scrolls of fog
 C - 2 scrolls of magic mapping
 D - a scroll of silence
 G - 3 scrolls of enchant weapon
 Y - a scroll of vulnerability
Potions
 i - 7 potions of curing
 j - 2 potions of cancellation
 u - a potion of might
 z - 5 potions of heal wounds
 A - a potion of brilliance
 B - a potion of resistance
 F - 6 potions of flight
 K - a potion of berserk rage
 S - 3 potions of stabbing
 T - a potion of invisibility
 V - a potion of ambrosia
Miscellaneous
 R - a lightning rod (2/4)
Comestibles
 f - 13 rations


   Skills:
 + Level 6.0 Fighting
 - Level 2.0(8.2) Short Blades
 + Level 12.2(12.3) Long Blades
 - Level 1.0 Throwing
 + Level 8.1 Dodging
 + Level 8.8 Stealth
 - Level 5.1 Shields
 * Level 10.2 Spellcasting
 * Level 3.0 Conjurations
 + Level 4.5 Hexes
 + Level 5.2 Charms
 + Level 6.3 Translocations
 * Level 2.1 Fire Magic
 + Level 2.2 Ice Magic
 * Level 2.5 Air Magic
 * Level 3.1 Poison Magic


You had one spell level left.
You knew the following spells:

 Your Spells              Type           Power        Failure   Level  Hunger
a - Apportation           Tloc           #####.       1%          1    None
b - Blink                 Tloc           N/A          1%          2    None
c - Mephitic Cloud        Conj/Pois/Air  ####....     3%          3    None
d - Magic Dart            Conj           ####         1%          1    None
f - Conjure Flame         Conj/Fire      ####....     4%          3    None
g - Shroud of Golubria    Chrm/Tloc      #####.       1%          2    None
i - Corona                Hex            #####..      1%          1    None
p - Passage of Golubria   Tloc           N/A          3%          4    None
r - Fireball              Conj/Fire      ####......   38%         5    ####...
s - Song of Slaying       Chrm           #####...     1%          2    None
y - Sticky Flame          Conj/Fire      ####....     14%         4    None
z - Ozocubu's Armour      Chrm/Ice       ####....     2%          3    None

Your spell library contained the following spells:

 Spells                   Type           Power        Failure   Level  Hunger
 Foxfire                  Conj/Fire      ####         1%          1    None
 Infusion                 Chrm           ####         1%          1    None
 Animate Skeleton         Necr           N/A          4%          1    None
 Summon Small Mammal      Summ           ##..         4%          1    None
 Slow                     Hex            #####...     1%          2    None
 Gell's Gravitas          Tloc           #####.....   1%          3    None
 Lesser Beckoning         Tloc           #####.....   1%          3    None
 Spectral Weapon          Hex/Chrm       #####...     1%          3    None
 Teleport Other           Tloc           #####...     1%          3    None
 Inner Flame              Hex/Fire       ####....     3%          3    None
 Call Imp                 Summ           ##......     6%          2    None
 Ignite Poison            Fire/Tmut/Pois ###.....     6%          3    None
 Starburst                Conj/Fire      ####......   92%         6    #####..
 Ring of Flames           Chrm/Fire      ####......   100%        7    #######
 Ignition                 Fire           ####......   100%        8    #######


Dungeon Overview and Level Annotations

Branches:
Dungeon (11/15)            Temple (1/1) D:6            Lair (6/6) D:11
 Shoals (1/4) Lair:3       Spider (1/4) Lair:2        Slime (0/5) Lair:6
    Orc (0/2) D:10

Altars:
Elyvilon
Fedhas
Gozag
Hepliaklqana
Kikubaaqudgha
Nemelex Xobeh
Okawaru
Qazlal
Sif Muna
Uskayaw
Wu Jian
Xom
Yredelemnul
Zin
Jiyva

Shops:
D:7 =   D:8 %   D:10 !   Lair:5 :


Innate Abilities, Weirdness & Mutations

You cannot wear most types of armour.
You are very stealthy in the water. (Stealth+)
You are amphibious.
You can wear up to eight rings at the same time.
You can use your tentacles to constrict eight enemies at once.
Your skin changes colour to match your surroundings (Stealth+).
Your rubbery body absorbs attacks. (AC +1, EV +1)
You are agile. (Dex +2)
Your mind is acute. (Int +2)
Your flesh is cold resistant. (rC+)
You passively map a small area around you.


Message History

Casting: Blink (safe; 1% risk of failure)
Confirm with . or Enter, or press ? or * to list all spells.
Space distorts slightly along a thin shroud covering your body.
The wolf spider hits you but does no damage.
The wolf spider barely misses you.
Casting: Shroud of Golubria (safe; 1% risk of failure)
Confirm with . or Enter, or press ? or * to list all spells.
Aiming: Sticky Flame (dangerous; 14% risk of failure)
Press: ? - help, Shift-Dir - straight line, f - wolf spider
Aim: a wolf spider (moderately wounded)
The sticky flame hits the wolf spider.
The wolf spider is moderately wounded.
The wolf spider is covered in liquid flames!
The wolf spider burns!
You block the wolf spider's attack. The wolf spider bites you!
* * * LOW HITPOINT WARNING * * *
The wolf spider hits you but does no damage.
The wolf spider bites you!
You die...
Your body crumbles into a pile of gold.

## #....#(##..#.###..###..# #
##...#..##...###..###.## # #
#............##...P#..## # #
##.#...........#.......# # #
#.#..##...##......########
#.#..###..###....#...##..##
#(...#...#.#...............
###....##...........####.P...
####.#.......>s@.....###
######
##.........##....#....#
.#..#.....##...#..#...#
.....###...###.####..##
..#### ##..##...##...# ###
#............# ##..#.###.[..#
###### ######


You could see a wolf spider (burning).

Vanquished Creatures
  4 hydras
  An anaconda (Lair:5)
  4 death yaks
  3 two-headed ogres
  Sonja (D:10)
  A cyclops (D:11)
  An ugly thing (D:8)
  A centaur zombie (D:10)
  A merfolk siren (Lair:3)
  Joseph (D:10)
  4 elephants (Lair:6)
  7 spiny frogs
  3 black mambas
  A gargoyle (D:10)
  A rime drake (Lair:2)
  7 komodo dragons
  A hornet (Lair:2)
  A troll (D:9)
  12 blink frogs
  7 dream sheep (Lair:6)
  A polar bear (Lair:5)
  Sigmund (D:2)
  8 hippogriffs
  A spriggan (D:7)
  A wyvern (Lair:2)
  23 yaks
  A hungry ghost (D:9)
  4 basilisks
  An acid dragon (D:8)
  9 porcupines
  11 water moccasins
  9 orc warriors
  2 necrophages
  3 ice beasts
  3 phantoms
  A sky beast (D:5)
  3 black bears
  5 ogres
  A wolf (D:9)
  A centaur (D:8)
  5 crocodiles
  A big kobold (D:8)
  11 bullfrogs
  A gnoll sergeant (D:8)
  3 scorpions
  A wyvern skeleton (D:10)
  4 wights (D:8)
  3 howler monkeys (D:9)
  An electric eel (D:9)
  5 crimson imps
  5 bullfrog zombies
  2 hounds
  3 centaur skeletons
  11 orc priests
  5 iguanas
  2 jellies
  15 orc wizards
  A gnoll shaman (D:7)
  Jessica (D:2)
  Terence (D:2)
  15 worker ants
  A bullfrog simulacrum (D:9)
  A centaur simulacrum (D:9)
  A hound zombie (D:8)
  11 gnolls
  12 adders
  3 shadow imps
  A white imp (D:9)
  An ooze (D:5)
  An adder skeleton (D:5)
  6 worms
  3 dart slugs (D:1)
  5 leopard geckos
  70 orcs
  11 giant cockroaches
  3 goblins (D:1)
  8 hobgoblins
  13 jackals
  2 quokkas (D:8)
  2 ball pythons
  2 ball python skeletons (D:5)
  13 bats
  6 frilled lizards
  A jackal skeleton (D:4)
  12 kobolds
  A quokka zombie (D:8)
  9 rats
  4 plants (Lair:6)
450 creatures vanquished.

Vanquished Creatures (others)
  A centaur skeleton (D:9)
  6 fungi
  17 plants
24 creatures vanquished.

Grand Total: 474 creatures vanquished

Notes
Turn   | Place    | Note
-------+----------+-------------------------------------------
     0 | D:1      | Esekla the Octopode Warper began the quest for the Orb.
     0 | D:1      | Reached XP level 1. HP: 14/14 MP: 3/3
   264 | D:1      | Reached XP level 2. HP: 19/19 MP: 5/5
   621 | D:1      | Reached XP level 3. HP: 24/24 MP: 6/6
   985 | D:2      | Noticed Sigmund
   985 | D:2      | Noticed Terence
  1332 | D:2      | Reached skill level 1 in Stealth
  1419 | D:3      | Learned a level 2 spell: Shroud of Golubria
  1422 | D:3      | Learned a level 2 spell: Blink
  1531 | D:3      | Reached XP level 4. HP: 29/29 MP: 7/7
  1675 | D:3      | Reached skill level 3 in Long Blades
  1784 | D:3      | Found an ancient bone altar of Kikubaaqudgha.
  2004 | D:2      | Killed Terence
  2004 | D:2      | Reached XP level 5. HP: 22/35 MP: 8/8
  2299 | D:3      | Reached skill level 1 in Charms
  2306 | D:3      | Learned a level 1 spell: Apportation
  2308 | D:3      | Learned a level 1 spell: Corona
  2351 | D:2      | Reached skill level 4 in Long Blades
  2466 | D:3      | Reached XP level 6. HP: 34/41 MP: 9/9
  2660 | D:3      | Found a sparkling altar of Nemelex Xobeh.
  2838 | D:2      | Noticed Jessica
  2847 | D:2      | Killed Jessica
  2855 | D:2      | Killed Sigmund
  2855 | D:2      | Reached skill level 1 in Hexes
  2855 | D:2      | Reached XP level 7. HP: 20/45 MP: 11/11
  3735 | D:4      | Reached skill level 5 in Long Blades
  4141 | D:5      | Entered Level 5 of the Dungeon
  4833 | D:5      | Reached XP level 8. HP: 12/51 MP: 3/13
  5449 | D:5      | Found a basalt altar of Yredelemnul.
  5449 | D:5      | Found an ornate altar of the Wu Jian Council.
  5456 | D:5      | Found a hazy altar of Hepliaklqana.
  5458 | D:5      | Found a faded altar of an unknown god.
  5460 | D:5      | Found a blossoming altar of Fedhas.
  5573 | D:5      | Reached skill level 6 in Long Blades
  6487 | D:6      | Found a staircase to the Ecumenical Temple.
  6496 | Temple   | Entered the Ecumenical Temple
  6680 | Temple   | Became a worshipper of Gozag Ym Sagoz the Greedy
  8452 | D:7      | Reached XP level 9. HP: 54/56 MP: 13/15
  8912 | D:7      | Cast into level 1 of the Abyss (gnoll)
  9018 | Abyss:1  | Found a corrupted altar of Lugonu.
  9027 | Abyss:1  | Noticed a large abomination
  9118 | D:7      | Escaped the Abyss
  9126 | D:7      | Reached skill level 7 in Long Blades
  9572 | D:7      | Reached skill level 5 in Dodging
  9706 | D:7      | Reached skill level 5 in Spellcasting
 10374 | D:9      | Noticed a troll
 10432 | D:9      | Killed a troll
 10432 | D:9      | Reached skill level 5 in Stealth
 10713 | D:9      | Noticed a death yak
 11081 | D:8      | Found Ciycref's Food Emporium.
 11153 | D:8      | Reached skill level 8 in Long Blades
 11153 | D:8      | Reached XP level 10. HP: 51/63 MP: 12/18
 11473 | D:8      | Noticed a two-headed ogre
 11735 | D:8      | Gained mutation: You possess an exceptional clarity of
                  | mind. [potion of mutation]
 11735 | D:8      | Gained mutation: You do not regenerate when monsters are
                  | visible. [potion of mutation]
 11735 | D:8      | Gained mutation: You passively map a small area around you.
                  | [potion of mutation]
 11736 | D:8      | Lost mutation: You possess an exceptional clarity of mind.
                  | [potion of mutation]
 11736 | D:8      | Lost mutation: You do not regenerate when monsters are
                  | visible. [potion of mutation]
 11736 | D:8      | Gained mutation: Your mind is acute. (Int +2) [potion of
                  | mutation]
 11736 | D:8      | Gained mutation: Your flesh is cold resistant. (rC+)
                  | [potion of mutation]
 11736 | D:8      | Gained mutation: You are agile. (Dex +2) [potion of
                  | mutation]
 12081 | D:8      | Noticed a red ugly thing
 13247 | D:8      | Killed a red ugly thing
 13470 | D:8      | Killed a two-headed ogre
 13470 | D:8      | Reached skill level 9 in Long Blades
 13895 | D:9      | Found a stormy altar of Qazlal.
 14730 | D:9      | Killed a death yak
 14730 | D:9      | Reached XP level 11. HP: 70/70 MP: 9/21
 15027 | D:10     | Entered Level 10 of the Dungeon
 15219 | D:10     | Noticed Joseph
 15297 | D:7      | Bought a +4 ring of protection for 612 gold pieces
 15819 | D:10     | Got a steaming ivory amulet
 15829 | D:10     | Found Qyvij's Distillery.
 15834 | D:10     | Identified the amulet of the Singing Pariah {Reflect Int+2
                  | Dex+7 SH+5} (You found it on level 10 of the Dungeon)
 16715 | D:10     | Reached skill level 10 in Long Blades
 16715 | D:10     | Reached skill level 1 in Shields
 16786 | D:10     | Noticed Sonja
 16792 | D:10     | Killed Sonja
 16792 | D:10     | Reached skill level 1 in Short Blades
 16792 | D:10     | Reached skill level 5 in Translocations
 16803 | D:10     | Noticed a two-headed ogre
 16849 | D:9      | Killed a two-headed ogre
 16989 | D:10     | Killed Joseph
 17059 | D:10     | Found a staircase to the Orcish Mines.
 17647 | D:10     | Noticed a two-headed ogre
 17664 | D:10     | Killed a two-headed ogre
 18459 | D:11     | Noticed a cyclops
 18528 | D:11     | Killed a cyclops
 18757 | D:11     | Found a staircase to the Lair.
 18771 | Lair:1   | Entered Level 1 of the Lair of Beasts
 18805 | Lair:1   | Reached XP level 12. HP: 76/76 MP: 24/24
 19134 | Lair:1   | Reached skill level 5 in Fighting
 19618 | Lair:1   | Reached skill level 11 in Long Blades
 19845 | Lair:2   | Noticed a death yak
 19947 | Lair:2   | Noticed a death yak
 19950 | Lair:2   | Noticed a death yak
 20662 | Lair:2   | Found a hole to the Spider Nest.
 21107 | Lair:1   | Killed a death yak
 21211 | Lair:2   | Killed a death yak
 21240 | Lair:1   | Killed a death yak
 22336 | Lair:3   | Found a staircase to the Shoals.
 22351 | Shoals:1 | Entered Level 1 of the Shoals
 22501 | Lair:3   | Reached skill level 5 in Charms
 22723 | Lair:2   | Learned a level 4 spell: Passage of Golubria
 22729 | Lair:2   | Learned a level 5 spell: Fireball
 23126 | Lair:4   | Reached skill level 12 in Long Blades
 23126 | Lair:4   | Reached XP level 13. HP: 63/82 MP: 24/26
 24086 | Lair:4   | Reached skill level 5 in Shields
 24727 | Lair:5   | Reached skill level 1 in Conjurations
 24889 | Lair:5   | Reached skill level 1 in Fire Magic
 24913 | Lair:5   | Identified a scroll of acquirement
 24919 | Lair:5   | Bought a book of Battle for 560 gold pieces
 24919 | Lair:5   | Bought a book of Minor Magic for 280 gold pieces
 24921 | Lair:5   | Learned a level 1 spell: Magic Dart
 24925 | Lair:5   | Learned a level 3 spell: Mephitic Cloud
 24928 | Lair:5   | Learned a level 2 spell: Song of Slaying
 24932 | Lair:5   | Learned a level 3 spell: Conjure Flame
 24936 | Lair:5   | Learned a level 3 spell: Ozocubu's Armour
 25343 | Lair:5   | Reached skill level 1 in Poison Magic
 25476 | Lair:5   | Bought a book of Flames for 490 gold pieces
 25481 | Lair:5   | Learned a level 4 spell: Sticky Flame
 25723 | Lair:6   | Entered Level 6 of the Lair of Beasts
 25831 | Lair:6   | Reached skill level 1 in Ice Magic
 26003 | Lair:6   | Reached skill level 1 in Air Magic
 26584 | Lair:6   | Found a viscous altar of Jiyva.
 26585 | Lair:6   | Found a staircase to the Slime Pits.
 27068 | Lair:6   | Reached skill level 10 in Spellcasting
 27961 | Spider:1 | Entered Level 1 of the Spider Nest
 27970 | Lair:2   | Slain by a wolf spider

Illustrated notes

Levels and vault maps discovered:
D:1:      minmay_arrival_three_doors, layout_basic
D:2:      layout_rooms, first_ration, kennysheep_potato, uniq_sigmund,
          uniq_terence, uniq_jessica
D:3:      layout_loops_ring, lemuel_doored_altar, kiku_gazebo_pond_becter
D:4:      layout_basic
D:5:      layout_gridville, chequers_temple_overflow_minitemple
D:6:      layout_gridville, minmay_temple_entry_trees, minmay_misc_feat_alley,
          kennysheep_generic_room_13
D:7:      layout_basic, the_bakery
D:8:      minmay_slanted_spiral_squares, layout_basic, serial_shops,
          nicolae_shop_waterfront
D:9:      layout_stronghold, grunt_qazlal_clouds, serial_ice, serial_ice_m,
          serial_ice_e, serial_ice_l, serial_ice_d
D:10:     layout_layer_cave, hiddenorc2_lemuel, serial_shops,
          nicolae_shop_trees, lemuel_statue_altar, uniq_joseph, uniq_sonja
D:11:     layout_stronghold, grunt_lair_entry_orc_guard_hut,
          hangedman_decor_lopped, nicolae_water_bricks,
          minmay_misc_feat_secret_circle, grunt_decor_arrowhead,
          hangedman_decor_peaks_small, serial_park_tiny_2
Temple:   regret_index_temple_waves
Lair:1:   layout_hall_layers
Lair:2:   layout_loops_ring, nicolae_spider_entry_non_spiders, minivault_27,
          cheibrodos_lair_caveside_slide, beast_lair_carwin_4
Lair:3:   layout_cave_shapes, minmay_shoals_entry_lonely_mermaid
Lair:4:   layout_small_grid, serial_bayou_lagoon_a, grunt_megastairs_3,
          serial_bayou_shore_a
Lair:5:   layout_cellular_growth
Lair:6:   due_jungle_book, layout_gridlike, slime_altar_1
Shoals:1: layout_shoals
Spider:1: layout_spider_delve, portal_ice_cave_entry_pillars_three,
          uniq_josephine

Skill      XL: |  1  2  3  4  5  6  7  8  9 10 11 12 13 |
---------------+----------------------------------------+-----
Stealth        | 2 3 4 5 6 8 |  8.8
Long Blades    | 3 4 5 6 8 9 10 12 | 12.2
Dodging        | 3 4 5 6 7 8 |  8.1
Charms         | 1 2 3 4 5 |  5.2
Hexes          | 1 2 3 4 |  4.5
Spellcasting   | 3 4 5 6 8 9 10 | 10.2
Fighting       | 3 4 5 6 |  6.0
Translocations | 4 5 6 |  6.3
Shields        | 3 4 5 |  5.1
Short Blades   | 1 2 |  2.0
Conjurations   | 3 |  3.0
Fire Magic     | 2 |  2.1
Poison Magic   | 3 |  3.1
Ice Magic      | 2 |  2.2
Air Magic      | 2 |  2.5
Throwing       | |  1.0

Action                   |  1- 3 |  4- 6 |  7- 9 | 10-12 | 13-15 || total
-------------------------+-------+-------+-------+-------+-------++-------
Melee: Falchion          |    56 |    90 |   369 |   809 |   288 ||  1612
       Constrict         |    15 |    27 |    80 |   106 |    29 ||   257
       Tentacles         |     7 |    15 |   103 |   264 |   123 ||   512
       Scythe            |       |       |     4 |       |       ||     4
       Dagger            |       |       |     4 |    29 |    14 ||    47
       Rapier            |       |       |     5 |    10 |    15 ||    30
       Trident           |       |       |       |       |    15 ||    15
Throw: Boomerang         |     5 |       |    12 |    29 |    10 ||    56
       Dart              |       |    10 |    78 |   284 |    39 ||   411
 Cast: Shroud of Golubri |     1 |     5 |    46 |    81 |    25 ||   158
       Blink             |       |       |    13 |    27 |    19 ||    59
       Corona            |       |       |     1 |     2 |       ||     3
       Apportation       |       |       |     1 |     4 |     2 ||     7
       Ozocubu's Armour  |       |       |       |       |    16 ||    16
       Sticky Flame      |       |       |       |       |    14 ||    14
       Conjure Flame     |       |       |       |       |     6 ||     6
       Magic Dart        |       |       |       |       |     1 ||     1
       Fireball          |       |       |       |       |     1 ||     1
Invok: Call Merchant     |       |       |       |     1 |     1 ||     2
       Potion Petition   |       |       |       |     1 |       ||     1
Evoke: Wand              |       |       |       |     1 |       ||     1
       Lightning rod     |       |       |       |       |     2 ||     2
  Use: Scroll            |       |     4 |     8 |    13 |     8 ||    33
       Potion            |       |     1 |       |     5 |     3 ||     9
 Stab: Sleeping          |     7 |     6 |    14 |    32 |    14 ||    73
       Distracted        |       |       |     3 |     5 |     1 ||     9
       Invisible         |       |       |       |     1 |       ||     1
  Eat: Chunk             |     1 |     6 |     9 |       |       ||    16
       Ration            |       |       |     5 |    13 |     5 ||    23
Armor: Skin              |     6 |     9 |     8 |    25 |    28 ||    76
Dodge: Dodged            |    35 |    61 |   236 |   392 |   153 ||   877
Block: Buckler           |       |       |       |   179 |   114 ||   293
       Other             |       |       |       |     2 |       ||     2
       Reflection        |       |       |       |     1 |       ||     1
       Rpst.: Falchion   |    15 |    20 |    71 |   100 |    23 ||   229
